AoeStats
← Kiritastrich

Arabia

509114675Analyzed
1v1 RM · 6d ago on Sep 25, 2026· 34m 7s· 2 players
Game mode
Random Map
Map size
Tiny (2 player)
Population
200
Speed
Normal
Resources
Standard
Victory
Conquest
Starting age
Dark Age
Ending age
Imperial Age
RankedLock teamsTeams togetherTeam positionsShared explorationLock speedFull tech treeHidden civsTurbo modeCheats
Victory
Defeat
🇷🇺 Varangians · Russia
1853
+21
🇹🇷 Varangians · Türkiye
1954
-21
Kiritastrich
5:42 Loom
8:25 Feudal Age
12:50 Bloodlines
17:14 Wheelbarrow
16:57 Double-Bit Axe
22:38 Castle Age
20:44 Horse Collar
21:15 Scale Barding Armor
21:48 Forging
23:44 Chain Barding Armor
30:10 Husbandry
koteshii
6:23 Loom
8:56 Feudal Age
9:39 Double-Bit Axe
11:34 Horse Collar
14:48 Fletching
18:53 Wheelbarrow
21:58 Castle Age
20:39 Gold Mining
21:36 Padded Archer Armor
22:33 Bodkin Arrow
22:04 Crossbowman
28:29 Wheelbarrow
30:05 Scale Barding Armor
30:48 Bloodlines
30:38 Husbandry
Connection lost

Rejoining the realm…

Still unreachable

The connection could not be restored.

Session expired

The server has moved on; the page needs a fresh start.